Map: Catalyst LE

Players

IIIIlllllIII

  • Race: Zerg Zerg
  • League: Master
  • Spawn Location: 11:00

NORTHAMERICA - Winner!

  • Race: Protoss Protoss
  • League: Master
  • Spawn Location: 5:00

VOD

Have the link to the VOD?

Description

Time

  • Played on: Nov. 22, 2017, 1:19 a.m.
  • Length: 7:01
Show
View Real Time Build Order
Export as new Build Order

IIIIlllllIII Zerg 

Build Orders: Hatch First 

Get SALT Encoding   

  12  0:01  Drone  
  13  0:15  Overlord  
  13  0:17  Drone  
  14  0:33  Drone  
  14  0:34  Drone  
  16  0:38  Drone  
  17  0:54  Hatchery  
  17  0:56  Drone  
  17  1:00  Drone  
  18  1:04  Extractor  
  17  1:17  Spawning Pool  
  16  1:19  Drone  
  16  1:25  Drone  
  18  1:32  Drone  
  19  1:43  Drone  
  20  1:52  Overlord  
  20  2:05  Zergling x2  
  20  2:07  Queen x2  
  25  2:09  Metabolic Boost  
  25  2:13  Zergling x2  
  26  2:15  Zergling x2  
  26  2:18  Drone  
  28  2:24  Drone  
  28  2:27  Drone  
  30  2:35  Drone  
  31  2:46  Hatchery  
  30  2:55  Queen  
  30  2:56  Queen  
  34  3:01  Overlord  
  34  3:05  Zergling x2  
  34  3:07  Drone  
  36  3:21  Drone  
  36  3:22  Drone x4  
  41  3:27  Drone x3  
  41  3:29  Overlord  
  44  3:42  Overlord  
  44  3:46  Overlord  
  44  3:48  Drone  
  44  3:49  Drone x2, Roach Warren  
  46  3:57  Drone  
  46  3:58  Drone  
  46  3:59  Drone  
  46  4:01  Queen  
  51  4:07  Drone  
  52  4:10  Drone  
  52  4:11  Drone x4  
  52  4:13  Zergling x2  
  52  4:17  Zergling x4  
  60  4:21  Zergling x4  
  60  4:24  Lair  
  62  4:28  Extractor  
  62  4:29  Zergling x2  
  62  4:31  Spore Crawler  
  62  4:33  Spore Crawler  
  62  4:34  Zergling x4  
  62  4:36  Zergling x2  
  63  4:39  Zergling x2  
  63  4:40  Zergling x2  
  63  4:41  Zergling x2  
  63  4:44  Spore Crawler  
  65  4:50  Drone x3  
  65  4:51  Drone x2  
  68  4:53  Drone x2  
  68  4:55  Drone  
  71  5:02  Overlord  
  71  5:03  Drone x2  
  71  5:08  Drone x3  
  72  5:14  Drone  
  72  5:15  Drone  
  72  5:16  Drone  
  70  5:24  Drone  
  70  5:27  Drone x2  
  70  5:28  Glial Reconstitution  
  71  5:32  Hydralisk Den  
  71  5:33  Hatchery  
  71  5:34  Extractor, Drone  
  71  5:35  Extractor x2  
  67  5:36  Drone  
  67  5:39  Drone x3  
  71  5:45  Drone x3  
  71  5:48  Overlord x2  
  71  5:49  Overlord  
  74  5:55  Overlord  
  74  5:56  Overlord x2  
  74  6:03  Overlord  
  74  6:10  Hydralisk x3, Drone  
  81  6:12  Hydralisk  
  81  6:17  Hydralisk  
  85  6:21  Drone x2  
  85  6:25  Hydralisk x3  
  89  6:28  Hydralisk  
  89  6:30  Zergling x2  
  89  6:32  Hydralisk  
  96  6:35  Hydralisk  
Show
View Real Time Build Order
Export as new Build Order

NORTHAMERICA Protoss - Winner!

Build Orders: 1 Gate Expand 

Get SALT Encoding   

  12  0:00  Probe (Chrono Boost)  
  13  0:12  Probe (Chrono Boost)  
  14  0:19  Pylon  
  14  0:22  Probe  
  15  0:37  Probe  
  15  0:39  Gateway  
  16  0:49  Probe  
  17  0:50  Assimilator  
  17  1:01  Probe (Chrono Boost)  
  19  1:13  Probe (Chrono Boost)  
  20  1:19  Probe (Chrono Boost)  
  20  1:25  Nexus  
  20  1:35  Cybernetics Core  
  20  1:38  Probe  
  21  1:46  Assimilator  
  21  1:50  Probe  
  22  1:55  Pylon  
  22  2:02  Probe  
  23  2:13  Adept (Chrono Boost)  
  23  2:14  Probe  
  26  2:16  Warp Gate (Chrono Boost)  
  26  2:26  Probe  
  27  2:31  Twilight Council  
  27  2:39  Probe  
  27  2:40  Adept, Probe  
  31  2:51  Probe  
  32  2:52  Probe  
  33  3:03  Probe  
  33  3:04  Probe  
  35  3:12  Gateway  
  35  3:13  Gateway  
  35  3:15  Probe  
  35  3:16  Probe  
  35  3:17  Resonating Glaives (Chrono Boost)  
  37  3:21  Stalker  
  39  3:27  Probe  
  39  3:30  Pylon  
  40  3:35  Probe  
  41  3:43  Robotics Facility  
  42  3:48  Probe  
  42  3:55  Probe  
  42  4:00  Probe  
  44  4:07  Pylon  
  44  4:10  Adept  
  44  4:11  Adept x2  
  44  4:12  Pylon  
  50  4:27  Nexus  
  50  4:28  Pylon  
  50  4:32  Immortal (Chrono Boost)  
  50  4:36  Sentry x2  
  58  4:41  Sentry  
  60  4:56  Gateway  
  60  4:57  Gateway  
  60  4:59  Gateway  
  60  5:00  Gateway  
  60  5:03  Gateway  
  60  5:10  Adept x3  
  62  5:16  Immortal (Chrono Boost)  
  58  5:25  Gateway  
  58  5:27  Pylon  
  56  5:33  Adept  
  56  5:34  Adept  
  59  5:36  Adept  
  59  5:41  Warp Prism (Chrono Boost)  
  61  5:53  Pylon  
  61  5:55  Sentry  
  63  5:58  Adept  
  63  5:59  Adept x2  
  69  6:04  Adept  
  71  6:12  Zealot  
  73  6:26  Adept x3  
  73  6:27  Adept x2  
  83  6:46  Adept  
  83  6:47  Adept x3  
  85  6:49  Zealot x4  
Tags
 
Add a new tag
Caveats
  • Supply blocks, unpowered buildings, or Contaminate may cause inaccurate times.
  • Supply counts are checked every 10 seconds.